AoeStats
← HurtCabbage7450

Nomad

510616438Analyzed
2v2 RM · 2d ago on Oct 1, 2026· 31m 54s· 4 players
Game mode
Random Map
Map size
176×176
Population
200
Speed
Normal
Resources
Standard
Victory
Conquest
Starting age
Dark Age
Ending age
Imperial Age
RankedLock teamsTeams togetherTeam positionsShared explorationLock speedFull tech treeHidden civsTurbo modeCheats
Victory
Defeat
🇺🇸 Romans · United States
761
+14
🇺🇸 Persians · United States
700
+15
🇦🇷 Vietnamese · Argentina
742
-24
🇦🇷 Cumans · Argentina
666
-14
Natearthur123
5:23 Loom
25:29 Feudal Age
26:25 Man-at-Arms
26:51 Arson
28:47 Scale Barding Armor
30:00 Forging
29:41 Fletching
FatalDreamz7
3:35 Loom
14:55 Feudal Age
15:04 Man-at-Arms
15:49 Double-Bit Axe
18:25 Forging
18:18 Scale Mail Armor
18:30 Forging
22:21 Horse Collar
27:44 Castle Age
27:56 Long Swordsman
28:42 Squires
29:37 Chain Mail Armor
30:40 Bow Saw
30:43 Fishing Lines
Schell3481
8:51 Loom
8:59 Loom
13:03 Feudal Age
13:37 Double-Bit Axe
17:09 Gold Mining
18:12 Horse Collar
19:03 Padded Archer Armor
19:49 Wheelbarrow
21:57 Fletching
25:20 Bloodlines
30:16 Man-at-Arms
30:56 Town Watch
HurtCabbage7450
14:08 Feudal Age
15:07 Double-Bit Axe
16:45 Loom
17:13 Fishing Lines
17:53 Horse Collar
30:03 Castle Age
29:31 Forging
29:29 Scale Barding Armor
Connection lost

Rejoining the realm…

Still unreachable

The connection could not be restored.

Session expired

The server has moved on; the page needs a fresh start.